 Dungeon Crawl Stone Soup version 0.20.1-1-g8b1a95d (webtiles) character file.

73 vatarom the Distorting Demonspawn (level 4, -1/35 HPs)
             Began as a Demonspawn Abyssal Knight on Sept 23, 2017.
             Was a Believer of Lugonu.
             Slain by an iguana (11 damage)
             ... on level 3 of the Dungeon.
             The game lasted 00:04:13 (1620 turns).

vatarom the Distorting Demonspawn (DsAK)            Turns: 1620, Time: 00:04:14

Health: -1/35      AC:  8    Str: 13    XL:     4   Next: 8%
Magic:  6/6        EV: 11    Int: 13    God:    Lugonu [**....]
Gold:   96         SH:  0    Dex: 13    Spells: 3/3 levels left

rFire    . . .     SeeInvis .   a - +2 hand axe
rCold    . . .     Gourm    .   (no shield)
rNeg     . . .     Faith    .   b - +0 leather armour
rPois    .         Spirit   .   (helmet restricted)
rElec    .         Reflect  .   (no cloak)
rCorr    +         Harm     .   f - +2 pair of gloves
MR       .....                  (no boots)
Stlth    +.........             (no amulet)
Regen    0.2/turn               k - ring of resist corrosion
MPRegen  0.1/turn               (no ring)

@: flying
A: antennae 1, icy blue scales 1, powered by pain 1
a: Depart the Abyss, Bend Space, Renounce Religion


You were on level 3 of the Dungeon.
You worshipped Lugonu.
Lugonu was pleased with you.
You were not hungry.

You visited 1 branch of the dungeon, and saw 3 of its levels.
You visited the Abyss 1 time.

You collected 96 gold pieces.

Inventory:

Hand Weapons
 a - a +2 hand axe (weapon)
Armour
 b - a +0 leather armour (worn)
 f - a +2 pair of gloves (worn)
Jewellery
 k - a ring of resist corrosion (left hand)
Scrolls
 e - 2 scrolls of teleportation
 h - a scroll of fear {unknown}
 i - 2 scrolls of amnesia
Comestibles
 c - a bread ration
 g - a meat ration
 j - a chunk of flesh


   Skills:
 + Level 3.2 Fighting
 * Level 2.5 Axes
 + Level 2.1 Armour
 + Level 1.4 Dodging
 * Level 3.9 Invocations


You had 3 spell levels left.
You didn't know any spells.

Dungeon Overview and Level Annotations

Branches:
Dungeon (3/15)

Altars:


Innate Abilities, Weirdness & Mutations

You have a pair of small antennae on your head.
You are partially covered in icy blue scales. (AC +2)
You sometimes gain a little power by taking damage.


Message History

The iguana closely misses you.
You barely miss the iguana.
The iguana is moderately wounded.
The iguana bites you.
You hit the iguana but do no damage.
The iguana is moderately wounded.
The iguana bites you.
You hit the iguana.
The iguana is heavily wounded.
The iguana bites you!
* * * LOW HITPOINT WARNING * * *
You are too injured to fight recklessly!
You feel very buoyant.
You fly up into the air.
The iguana bites you but does no damage.
Okay, then.
You closely miss the iguana.
The iguana is heavily wounded.
The iguana bites you!
You die...

.# #.... ..
#.#.# .#
#.#.##.# #
#.#....#
#.#..##..# #
##.#..<#..##.###
+..l............
##..@........##
####.##.#####
####.# #.# #.#
#.# #.# #.# #.#


You could see an iguana.

Vanquished Creatures
  2 adders (D:2)
  2 worms (D:2)
  3 dart slugs
  A leopard gecko (D:2)
  3 bats
  4 giant cockroaches
  7 goblins
  3 hobgoblins
  4 jackals (D:1)
  2 frilled lizards
  5 kobolds
  5 rats
41 creatures vanquished.

Notes
Turn   | Place    | Note
-------+----------+-------------------------------------------
     0 | Abyss:1  | vatarom the Demonspawn Abyssal Knight began the quest for the Orb.
     0 | Abyss:1  | Reached XP level 1. HP: 18/18 MP: 2/2
    53 | Abyss:1  | Noticed a raiju
    55 | D:1      | Escaped the Abyss
   142 | D:1      | Reached * piety under Lugonu
   142 | D:1      | Reached skill level 1 in Dodging
   145 | D:1      | Gained mutation: You have a pair of small antennae on your head. [demonic ancestry]
   145 | D:1      | Reached XP level 2. HP: 6/24 MP: 4/4
   988 | D:2      | Gained mutation: You are partially covered in icy blue scales. (AC +2) [demonic ancestry]
   988 | D:2      | Reached XP level 3. HP: 29/29 MP: 5/5
  1389 | D:2      | Reached ** piety under Lugonu
  1481 | D:2      | Gained mutation: You sometimes gain a little power by taking damage. [demonic ancestry]
  1481 | D:2      | Reached XP level 4. HP: 35/35 MP: 6/6
  1620 | D:3      | Slain by an iguana

Skill      XL: |  1  2  3 |
---------------+----------+-----
Dodging        | 1 |  1.4
Axes           | 2 |  2.5
Invocations    | 3 |  3.9
Armour         | 2 |  2.1
Fighting       | |  3.2

Action                   |  1- 3 |  4- 6 || total
-------------------------+-------+-------++-------
Melee: Hand axe          |   123 |    11 ||   134
Invok: Depart the Abyss  |     1 |       ||     1
  Use: Scroll            |     5 |       ||     5
       Potion            |     3 |     1 ||     4
  Eat: Chunk             |     2 |       ||     2
Armor: Leather armour    |    48 |     3 ||    51
Dodge: Dodged            |    83 |     3 ||    86
